 Dungeon Crawl Stone Soup version 0.29.1-1-gd02db6906a (webtiles) character file.

Game seed: 17845669094771853135

4267 KamiKatze the Cleaver (level 10, 0/114 (118) HPs)
             Began as a Palentonga Fighter on Oct 3, 2022.
             Was a Follower of Trog.
             Succumbed to a killer bee's poison
             ... on level 7 of the Dungeon.
             The game lasted 00:27:37 (6926 turns).

KamiKatze the Cleaver (Palentonga Fighter)          Turns: 6926, Time: 00:27:38

HP:   0/114 (118)   AC: 12    Str: 23    XL:     10   Next: 10%
MP:   10/10         EV:  9    Int: 10    God:    Trog [*.....]
Gold: 238           SH:  5    Dex: 11    Spells: 9/9 levels left

rFire   + . .      SeeInvis +   a - +0 war axe
rCold   . . .      Faith    .   c - +0 buckler
rNeg    . . .      Spirit   .   A - +3 ring mail {rF+}
rPois   .          Reflect  .   x - +1 helmet
rElec   .          Harm     .   (no cloak)
rCorr   .          Rampage  .   K - +0 pair of gloves
Will    .....                   (no barding)
Stlth   ..........              (no amulet)
HPRegen 0.29/turn               (no ring)
MPRegen 0.12/turn               (no ring)

@: berserking, lethally poisoned (0 -> -16), lightly drained, very quick
A: large, rugged brown scales 3, see invisible, deformed body, roll 1, armoured
tail, reflexive curl
a: Rolling Charge, Renounce Religion, Berserk


You were on level 7 of the Dungeon.
You worshipped Trog.
Trog was aware of your devotion.
You visited 2 branches of the dungeon, and saw 8 of its levels.

You collected 238 gold pieces.

Inventory:

Hand Weapons
 a - a +0 war axe (weapon)
 i - a +2 dagger of venom
 j - a +0 spear
 p - a +0 morningstar
 D - a +2 flail of protection
 M - a +2 battleaxe
Missiles
 l - 3 poisoned darts
 q - 2 throwing nets
Armour
 b - a +0 scale mail
 c - a +0 buckler (worn)
 n - +0 shadow dragon scales
 x - a +1 helmet (worn)
 A - a +3 ring mail of fire resistance (worn)
 K - a +0 pair of gloves (worn)
Jewellery
 d - a +4 ring of protection
 H - a ring of resist corrosion
Wands
 v - a wand of flame (24)
 w - a wand of mindburst (14)
 B - a wand of polymorph (8)
Scrolls
 e - 3 scrolls of teleportation
 o - a scroll of magic mapping
 t - 3 scrolls of vulnerability
 y - a scroll of blinking
 z - a scroll of butterflies
 J - a scroll of enchant armour
 L - a scroll of fear
Potions
 f - a potion of haste
 g - a potion of invisibility
 h - a potion of berserk rage {unknown}
 k - 5 potions of curing
 m - 2 potions of brilliance {unknown}
 r - a potion of mutation {unknown}
 s - 2 potions of cancellation
 u - 4 potions of degeneration {unknown}
 C - a potion of heal wounds {unknown}
 E - a potion of magic {unknown}
 F - 3 potions of flight
 G - a potion of resistance {unknown}
Miscellaneous
 I - a box of beasts (inert) (quivered)


   Skills:
 + Level 5.3 Fighting
 * Level 13.0 Axes
 + Level 4.4 Armour
 + Level 3.4 Dodging
 + Level 5.0 Shields
 - Level 3.0 Evocations


You had 9 spell levels left.
You didn't know any spells.
Your spell library contained the following spells:

 Spells                   Type           Power      Damage    Failure   Level
 Sandblast                Erth           0%         2d4       56%         1
 Sting                    Tmut/Pois      0%         1d3       56%         1
 Passwall                 Tmut/Erth      0%         N/A       71%         2
 Poisonous Vapours        Pois/Air       0%         N/A       71%         2
 Stone Arrow              Conj/Erth      0%         3d7       91%         3
 Olgreb's Toxic Radiance  Pois           0%         N/A       100%        4


Dungeon Overview and Level Annotations

Branches:
Dungeon (7/15)             Temple (1/1) D:5

Altars:
Ashenzari
Cheibriados
Dithmenos
Elyvilon
Gozag
Hepliaklqana
Kikubaaqudgha
Makhleb
Nemelex Xobeh
Okawaru
Qazlal
Ru
Sif Muna
Trog
Uskayaw
Vehumet
Wu Jian
Yredelemnul
Zin
The Shining One

Shops:
D:1 [

Annotations:
D:3 1 runed translucent door, exclusion: door, Crazy Yiuf


Innate Abilities, Weirdness & Mutations

You are completely covered in rugged brown scales. (AC +3, +7% HP)
You have supernaturally acute eyesight. (SInv)
Armour fits poorly on your strangely shaped body.
You can roll at nearby foes to attack.
You have a long armoured tail.
You curl defensively after being hit. (AC +7*)


Message History

The killer bee is lightly wounded.
You feel sick. The killer bee closely misses you.
The killer bee completely misses you.
You completely miss the killer bee.
The killer bee is lightly wounded.
The killer bee closely misses you. You block the killer bee's attack.
You miss the killer bee.
The killer bee is lightly wounded.
You feel sick. The killer bee stings you.
* * * LOW HITPOINT WARNING * * *
You barely miss the killer bee.
The killer bee is lightly wounded.
You feel sick. The killer bee stings you.
* * * LOW HITPOINT WARNING * * *
You are more poisoned.
The killer bee poisons you! The killer bee stings you.
* * * LOW HITPOINT WARNING * * *
You are lethally poisoned!
The killer bee poisons you!
A red film seems to cover your vision as you go berserk!
You feel yourself moving faster!
You feel mighty!
You feel very sick. The killer bee stings you.
* * * LOW HITPOINT WARNING * * *
You are lethally poisoned!
The killer bee poisons you!
The killer bee stings you but does no damage.
You slash the killer bee!
The killer bee is almost dead.
* * * LOW HITPOINT WARNING * * *
You feel very sick.
The killer bee stings you but does no damage.
You barely miss the killer bee.
Your tail-slap misses the killer bee.
The killer bee is almost dead.
* * * LOW HITPOINT WARNING * * *
You feel sick. The killer bee stings you!
* * * LOW HITPOINT WARNING * * *
You closely miss the killer bee.
Your tail-slap misses the killer bee.
The killer bee is almost dead.
You die...

###...≈.≈.≈.≈...#
#...≈≈≈.≈.≈.≈≈≈.#
).#.≈...≈.≈...≈.# #
.##.≈.≈≈≈.≈≈≈[≈.#.#
.......)..........#
................###
.......#####.#####
#.#.##...###.##..##
#.#.####..##.##.@.#
#.#..# ##....#..#y##
..##.# ####...##..#
...#.## #..####<#
......######..# #.#
..............# #.#
##.#.....###..# #.#
#........)....# #.#
#..######.....####.#


You could see a killer bee.

Vanquished Creatures
  Grinder (D:3)
  Menkaure (D:7)
  Edmund (D:4)
  A sky beast (D:7)
  A black bear (D:7)
  An orc warrior (D:6)
  4 ice beasts
  6 ogres
  A centaur (D:6)
  3 phantoms
  5 bullfrogs
  3 necrophages
  A gnoll sergeant (D:5)
  6 scorpions
  4 wights
  8 killer bees
  A howler monkey (D:6)
  4 hounds
  A jelly (D:7)
  Terence (D:3)
  8 orc priests
  Jessica (D:3)
  2 iguanas (D:6)
  Ijyb (D:4)
  4 orc wizards
  Robin (D:3)
  4 adders
  4 gnolls (D:5)
  A white imp (D:5)
  3 ufetubi
  A worm (D:2)
  3 dart slugs
  18 orcs
  11 endoplasms
  A giant cockroach (D:1)
  18 goblins
  7 hobgoblins
  11 kobolds
  3 quokkas
  2 ball pythons
  12 bats
  4 frilled lizards
  8 rats
182 creatures vanquished.

Vanquished Creatures (others)
  A wizard (D:6)
  21 plants
22 creatures vanquished.

Grand Total: 204 creatures vanquished

Notes
Turn   | Place    | Note
-------+----------+-------------------------------------------
     0 | D:1      | KamiKatze the Palentonga Fighter began the quest for the
                  | Orb.
     0 | D:1      | Reached XP level 1. HP: 19/19 MP: 1/1
   123 | D:1      | Reached XP level 2. HP: 25/25 MP: 2/2
   565 | D:1      | Found a faded altar of an unknown god.
   672 | D:1      | Found Lery's Armour Emporium.
   833 | D:2      | Reached XP level 3. HP: 30/31 MP: 3/3
  1338 | D:2      | Reached XP level 4. HP: 27/37 MP: 4/4
  1338 | D:2      | Reached skill level 11 in Axes
  1338 | D:2      | Reached XP level 5. HP: 31/43 MP: 5/5
  1583 | D:3      | Found a sacrificial altar of Ru.
  1688 | D:3      | Reached skill level 1 in Dodging
  1750 | D:3      | Noticed Terence
  1870 | D:3      | Noticed Jessica
  1876 | D:3      | Killed Jessica
  1918 | D:3      | Noticed Grinder
  1952 | D:3      | Killed Grinder
  1953 | D:3      | Reached XP level 6. HP: 21/50 MP: 6/6
  2172 | D:3      | Reached skill level 1 in Evocations
  2392 | D:3      | Killed Terence
  2393 | D:3      | Gained mutation: You curl defensively after being hit. (AC
                  | +7*) [Palentonga growth]
  2393 | D:3      | Reached XP level 7. HP: 33/56 MP: 7/7
  2405 | D:3      | Noticed Robin
  2408 | D:3      | Killed Robin
  2641 | D:3      | Found a runed translucent door.
  2642 | D:3      | Noticed Crazy Yiuf
  3108 | D:4      | Noticed Ijyb
  3109 | D:4      | Reached skill level 12 in Axes
  3113 | D:4      | Killed Ijyb
  3230 | D:4      | Noticed Edmund
  3241 | D:4      | Killed Edmund
  3426 | D:5      | Entered Level 5 of the Dungeon
  3446 | D:5      | Reached XP level 8. HP: 47/64 MP: 8/8
  3588 | D:5      | Found a staircase to the Ecumenical Temple.
  3597 | Temple   | Entered the Ecumenical Temple
  4799 | D:5      | Reached XP level 9. HP: 38/70 MP: 9/9
  4898 | D:6      | Found a bloodstained altar of Trog.
  4900 | D:6      | Noticed a wizard
  4905 | D:6      | Became a worshipper of Trog the Wrathful
  4906 | D:6      | Killed a wizard
  5973 | D:7      | Noticed Menkaure
  5976 | D:7      | Killed Menkaure
  5979 | D:7      | Reached * piety under Trog
  5999 | D:7      | Reached skill level 5 in Fighting
  6113 | D:7      | Found a broken altar of Ashenzari.
  6151 | D:7      | Found a glowing silver altar of Zin.
  6353 | D:7      | Reached XP level 10. HP: 37/79 MP: 10/10
  6357 | D:7      | Reached skill level 5 in Shields
  6362 | D:7      | Reached skill level 13 in Axes
  6925 | D:7      | HP: 3/114 [killer bee (7)]
  6926 | D:7      | Succumbed to a killer bee's poison

Illustrated notes

Levels and vault maps discovered:
D:1:      giann_bridges, layout_basic, serial_shops, nicolae_lakefront_shop,
          shapermc_ecumenical_altar_totnotflames, minmay_pentomino_s2
D:2:      minmay_general_purpose_star, layout_basic
D:3:      layout_basic, mainiacjoe_overflow_alcove_2, uniq_grinder,
          uniq_terence, uniq_crazy_yiuf_cottage, uniq_robin, uniq_jessica
D:4:      layout_rooms, uniq_edmund, uniq_ijyb
D:5:      layout_loops_ring, minmay_temple_entry_ruins, nicolae_grassy_gnolls
D:6:      minmay_octagon_keep, layout_rooms, trog_wizard,
          kennysheep_generic_room_8
D:7:      layout_rooms, mainiacjoe_overflow_large_starburst, uniq_menkaure
Temple:   eino_temple_rhombus

Skill      XL: |  1  2  3  4  5  6  7  8  9 10 |
---------------+-------------------------------+-----
Shields        | 3 4 5 |  5.0
Axes           | 11 12 13 | 13.0
Dodging        | 1 2 3 |  3.4
Evocations     | 1 2 3 |  3.0
Armour         | 3 4 |  4.4
Fighting       | 4 5 |  5.3

Action                   |  1- 3 |  4- 6 |  7- 9 | 10-12 || total
-------------------------+-------+-------+-------+-------++-------
Melee: War axe           |   107 |    88 |   368 |    49 ||   612
       Tailslap          |    13 |     8 |    45 |     8 ||    74
Invok: Berserk           |       |       |     1 |     1 ||     2
 Abil: Rolling Charge    |    35 |    21 |    50 |     2 ||   108
Evoke: Box of beasts     |       |       |     1 |       ||     1
  Use: Scroll            |     1 |     4 |    11 |       ||    16
       Potion            |       |     2 |     2 |       ||     4
Armor: Scale mail        |    40 |    30 |    20 |       ||    90
       Ring mail         |       |       |   133 |    12 ||   145
Dodge: Dodged            |    33 |    30 |   140 |    10 ||   213
Block: Buckler           |    22 |    12 |    70 |     9 ||   113
